 Dungeon Crawl Stone Soup version 0.19-a0-1608-g4cf22de (webtiles) character file.

2685 LaMaladieD the Arsonist (level 9, 0/51 HPs)
             Began as a Deep Elf Fire Elementalist on Sept 17, 2016.
             Was an Initiate of Vehumet.
             Killed from afar by an electric eel (17 damage)
             ... with a bolt of electricity
             ... on level 7 of the Dungeon on Sept 18, 2016.
             The game lasted 00:37:52 (8035 turns).

LaMaladieD the Arsonist (DEFE)                      Turns: 8035, Time: 00:37:52

Health: 0/51       AC:  4    Str:  5    XL:     9   Next: 38%
Magic:  19/21      EV: 15    Int: 24    God:    Vehumet [......]
Gold:   327        SH:  0    Dex: 15    Spells: 5 memorised, 4 levels left

rFire  . . .     SeeInvis .     r - -3 dagger (curse)
rCold  . . .     Gourm    .     a - +1 robe
rNeg   . . .     Faith    .     (no shield)
rPois  .         Spirit   .     (no helmet)
rElec  .         Dismiss  .     y - +0 cloak
rCorr  +         Reflect  .     (no gloves)
MR     .....     Harm     .     (no boots)
Stlth  +.........               (no amulet)
                                o - ring of resist corrosion
                                n - +1 ring of evasion

@: no status effects
A: no striking features
a: Renounce Religion


You were on level 7 of the Dungeon.
You worshipped Vehumet.
Vehumet was noncommittal.
You were not hungry.

You visited 2 branches of the dungeon, and saw 8 of its levels.

You collected 327 gold pieces.

Inventory:

Hand Weapons
 f - a +2 vampiric falchion
 l - a +2 dagger of speed
 r - a cursed -3 dagger (weapon)
Armour
 a - a +1 robe (worn)
 y - a +0 cloak (worn)
Jewellery
 g - an uncursed amulet of dismissal {unknown}
 n - a +1 ring of evasion (left hand)
 o - a ring of resist corrosion (right hand)
Wands
 q - a wand of lightning (0/15)
Scrolls
 e - 4 scrolls of magic mapping
 i - a scroll of amnesia
 j - 3 scrolls of teleportation
 p - 9 scrolls of identify
Potions
 d - a potion of might {unknown}
 h - a potion of cancellation {unknown}
 t - 3 potions of heal wounds
 v - 3 potions of curing
Books
 b - a book of Flames

   Spells                             Type                      Level
   a - Flame Tongue                   Conjuration/Fire             1
   b - Throw Flame                    Conjuration/Fire             2
   c - Conjure Flame                  Conjuration/Fire             3
   d - Inner Flame                    Hexes/Fire                   3
   e - Sticky Flame                   Conjuration/Fire             4
   f - Fireball                       Conjuration/Fire             5
 w - a book of Conjurations

   Spells                             Type                      Level
   a - Magic Dart                     Conjuration                  1
   b - Searing Ray                    Conjuration                  2
   c - Dazzling Spray                 Conjuration/Hexes            3
   d - Fulminant Prism                Conjuration/Hexes            4
   e - Iskenderun's Mystic Blast      Conjuration                  4
   f - Iskenderun's Battlesphere      Conjuration/Charms           5
Comestibles
 c - a meat ration
 k - 2 chunks of flesh
 m - 3 bread rations
 s - 6 beef jerkies
 u - 2 royal jellies


   Skills:
 * Level 3.4 Fighting
 + Level 4.3 Dodging
 - Level 2.4 Stealth
 - Level 7.1 Spellcasting
 - Level 7.9 Conjurations
 * Level 4.3 Charms
 - Level 8.4 Fire Magic


You had 4 spell levels left.
You knew the following spells:

 Your Spells              Type           Power        Failure   Level  Hunger
a - Flame Tongue          Conj/Fire      #####        1%          1    None
b - Conjure Flame         Conj/Fire      #####...     1%          3    None
c - Sticky Flame          Conj/Fire      #####...     2%          4    ###....
d - Fireball              Conj/Fire      #####.....   10%         5    #####..
e - Iskenderun's Battles  Conj/Chrm      #####...     21%         5    #####..


Dungeon Overview and Level Annotations

Branches:
Dungeon (7/15)             Temple (1/1) D:6

Altars:
Ashenzari
Cheibriados
Dithmenos
Elyvilon
Fedhas
Hepliaklqana
Kikubaaqudgha
Makhleb
Nemelex Xobeh
Okawaru
Qazlal
Ru
Sif Muna
Trog
Vehumet
Xom
Yredelemnul
Zin
The Shining One


Message History

The electric eel is moderately wounded.
The electric eel is engulfed in a cloud of scalding steam.
Casting: Flame Tongue
Confirm with . or Enter, or press ? or * to list all spells.
Aiming: Flame Tongue
Press: ? - help, Shift-Dir - straight line, f/p - electric eel
Aim: an electric eel (steam, water, severely wounded)
The flame tongue hits the electric eel.
You kill the electric eel!
Vehumet accepts your kill.
You are engulfed in a cloud of scalding steam.
An electric eel comes into view.
The electric eel shoots out a bolt of lightning at you!
The bolt of electricity hits the electric eel.
The electric eel completely resists.
The bolt of electricity hits you!
You enter the shallow water.
Moving in this stuff is going to be slow.
The electric eel shoots out a bolt of lightning at you!
The bolt of electricity hits you!
You die...

♣♣♣≈.≈♣♣♣≈≈≈♣♣♣
≈≈≈≈≈≈≈≈≈≈≈≈≈≈≈≈.≈≈≈≈
...≈.≈≈.≈;.≈≈≈.≈≈..≈.
≈≈≈≈≈≈≈≈≈≈.≈≈≈≈≈.≈≈≈
♣♣♣≈≈≈♣ ♣≈.≈♣ ♣≈.≈♣ ♣
♣≈.≈♣ ♣≈.≈♣ ♣≈≈≈♣ #
♣♣♣≈≈≈♣♣♣;.≈♣♣♣≈.≈♣♣♣≈.#
≈≈≈≈.≈≈≈≈≈;≈§§≈≈≈≈≈≈≈≈.#
.≈..≈.≈.≈.....≈.@...≈..#
########################


You could see 2 electric eels.

Vanquished Creatures
  The ghost of jacquesderrida the Slasher, a novice VSSk of Ashenzari (D:5)
  A hippogriff (D:7)
  Eustachio (D:4)
  An orc warrior (D:6)
  2 phantoms
  3 ogres
  3 centaurs
  A bullfrog (D:7)
  5 scorpions
  4 electric eels (D:7)
  A crimson imp (D:6)
  A jelly (D:5)
  A centaur skeleton (D:6)
  4 hounds
  6 orc priests
  A bullfrog skeleton (D:6)
  6 orc wizards
  5 worker ants
  10 adders
  4 oozes (D:4)
  2 worms (D:2)
  A dart slug (D:2)
  4 leopard geckos
  29 orcs
  A ball python (D:3)
  7 bats
  7 giant cockroaches
  7 goblins
  7 hobgoblins
  5 jackals
  6 quokkas
  5 frilled lizards
  6 kobolds
  A quokka zombie (D:5)
  10 rats
159 creatures vanquished.

Notes
Turn   | Place    | Note
-------+----------+-------------------------------------------
     0 | D:1      | LaMaladieD the Deep Elf Fire Elementalist began the quest for the Orb.
     0 | D:1      | Reached XP level 1. HP: 10/10 MP: 6/6
     3 | D:1      | Noticed an electric eel
     3 | D:1      | Noticed an electric eel
   315 | D:1      | Reached XP level 2. HP: 15/15 MP: 6/8
   875 | D:2      | Found a glowing golden altar of the Shining One.
   925 | D:2      | Reached XP level 3. HP: 19/19 MP: 4/9
   929 | D:2      | Reached skill level 4 in Fire Magic
   934 | D:2      | Learned a level 3 spell: Conjure Flame
  1649 | D:3      | Reached XP level 4. HP: 24/24 MP: 8/11
  1662 | D:3      | Learned a level 4 spell: Sticky Flame
  2118 | D:3      | Reached XP level 5. HP: 28/28 MP: 6/12
  2503 | D:3      | Reached skill level 5 in Fire Magic
  3140 | D:4      | Reached XP level 6. HP: 15/32 MP: 7/14
  3350 | D:3      | Learned a level 5 spell: Fireball
  3448 | D:4      | Reached skill level 5 in Conjurations
  3448 | D:4      | Reached skill level 6 in Fire Magic
  3550 | D:4      | Reached skill level 5 in Spellcasting
  3550 | D:4      | Reached XP level 7. HP: 27/36 MP: 6/16
  4132 | D:4      | Noticed Eustachio
  4286 | D:4      | Killed Eustachio
  4286 | D:4      | Reached skill level 7 in Fire Magic
  4667 | D:4      | Reached XP level 8. HP: 37/41 MP: 3/19
  4814 | D:5      | Entered Level 5 of the Dungeon
  5153 | D:5      | Noticed jacquesderrida's ghost (novice VSSk)
  5390 | D:5      | Killed jacquesderrida's ghost
  5390 | D:5      | Reached skill level 8 in Fire Magic
  6164 | D:6      | Reached skill level 1 in Fighting
  6564 | D:6      | Reached XP level 9. HP: 48/48 MP: 9/21
  6753 | D:6      | Learned a level 5 spell: Iskenderun's Battlesphere
  6924 | D:6      | Found a staircase to the Ecumenical Temple.
  6936 | Temple   | Entered the Ecumenical Temple
  6976 | Temple   | Became a worshipper of Vehumet
  7333 | D:6      | Reached skill level 1 in Charms
  8035 | D:7      | Killed from afar by an electric eel

Vault maps used:
D:1:      arrival_aquarium_b, st_stairs_3
D:2:      nicolae_tso_swordbearing_angel, first_bread
D:4:      minmay_bent, uniq_eustachio
D:6:      minmay_misc_feat_five, hangedman_decor_diamond_cutter
D:7:      minivault_5, grunt_ogre_cave, kennysheep_boxes
Temple:   dpeg_five_rooms_temple

Skill      XL: |  1  2  3  4  5  6  7  8  9 |
---------------+----------------------------+-----
Conjurations   | 2 3 4 5 6 7 |  7.9
Fire Magic     | 4 5 6 7 8 |  8.4
Spellcasting   | 4 5 6 7 |  7.1
Fighting       | 2 3 |  3.4
Dodging        | 3 4 |  4.3
Charms         | 4 |  4.3
Stealth        | |  2.4

Action                   |  1- 3 |  4- 6 |  7- 9 || total
-------------------------+-------+-------+-------++-------
Melee: Dagger            |     9 |       |    96 ||   105
 Cast: Flame Tongue      |    71 |    94 |   191 ||   356
       Conjure Flame     |       |     3 |     1 ||     4
       Sticky Flame      |       |     2 |    18 ||    20
       Fireball          |       |     1 |     6 ||     7
       Iskenderun's Batt |       |       |     1 ||     1
Evoke: Wand              |       |       |     2 ||     2
  Use: Scroll            |     6 |     3 |     5 ||    14
       Potion            |     2 |     1 |       ||     3
 Stab: Sleeping          |       |       |     1 ||     1
  Eat: Chunk             |     2 |     5 |     8 ||    15
       Beef jerky        |       |     1 |       ||     1
       Royal jelly       |       |       |     1 ||     1
       Bread ration      |       |       |     2 ||     2
Armor: Robe              |     4 |     1 |    27 ||    32
Dodge: Dodged            |    20 |    18 |   106 ||   144
